[Event "7th Chennai Open"]
[Site "Chennai"]
[Date "2014.12.31"]
[Round "3"]
[White "Maheswaran, P."]
[Black "Brunello, Sabino"]
[Result "1/2-1/2"]
[ECO "A34"]
[WhiteElo "2275"]
[BlackElo "2573"]
[PlyCount "53"]
[EventDate "2014.12.30"]
[EventType "swiss"]
[EventRounds "10"]
[EventCountry "IND"]
[TimeControl "6000+735"]
[WhiteClock "0:04:56"]
[BlackClock "0:26:06"]

1. Nf3 Nf6 2. c4 c5 3. g3 d5 4. cxd5 Nxd5 5. Nc3 Nc6 6. Bg2 Nc7 7. O-O e5 8. a3
Rb8 9. d3 Be7 10. Nd2 Bd7 11. Nc4 f6 12. a4 O-O 13. f4 Kh8 14. fxe5 Nxe5 15.
Nxe5 fxe5 16. Rxf8+ Qxf8 17. Be3 Ne6 18. Nd5 Bd6 19. Bd2 Qc8 20. Bc3 Qe8 21.
Ne3 Ng5 22. Nc4 Bc7 23. Qd2 Nh3+ 24. Kh1 Nf2+ 25. Kg1 Nh3+ 26. Kh1 Nf2+ 27. Kg1
1/2-1/2